 Dungeon Crawl Stone Soup version 0.32-a0-975-g85d4e5bfdb (webtiles) character file.

Game seed: 5773163446951821698

53 olmar the Firebug (level 3, 0/27 HPs)
             Began as a Mountain Dwarf Fire Elementalist on Apr 19, 2024.
             Slain by a hobgoblin (6 damage)
             ... led by Robin
             ... on level 2 of the Dungeon.
             The game lasted 00:04:07 (879 turns).

olmar the Firebug (Mountain Dwarf Fire Elementalist) Turns: 879, Time: 00:04:08

Health: 0/27       AC:  2    Str: 10    XL:     3   Next: 62%
Magic:  2/6        EV: 10    Int: 17    God:
Gold:   62         SH:  0    Dex: 10    Spells: 0/6 levels left

rFire   . . .        b - +0 dagger
rCold   . . .        (no shield)
rNeg    . . .        a - +0 robe
rPois   .            (no helmet)
rElec   .            (no cloak)
rCorr   .            (no gloves)
SInv    .            (no boots)
Will    +....        (no amulet)
Stlth   ++           f - ring of willpower
HPRegen 0.24/turn    (no ring)
MPRegen 0.10/turn

%: no passive effects
@: brilliant, very slightly contaminated
A: runic magic, artefact enchanting
a: no special abilities


You were on level 2 of the Dungeon.
You visited 1 branch of the dungeon, and saw 2 of its levels.

You collected 62 gold pieces.

Inventory:

Hand Weapons
 b - a +0 dagger (weapon)
Missiles
 e - 3 stones
 h - 5 boomerangs
Armour
 a - a +0 robe (worn)
Jewellery
 f - a ring of willpower (left hand)
Scrolls
 c - a scroll of identify {unknown}
 i - a scroll of amnesia {unknown}


   Skills:
 + Level 0.5 Fighting
 - Level 1.3 Dodging
 - Level 1.4 Stealth
 + Level 0.1 Unarmed Combat
 + Level 2.2 Spellcasting
 + Level 1.2 Conjurations
 + Level 4.9 Fire Magic


You couldn't memorise any spells.
You knew the following spells:

 Your Spells              Type           Power      Damage    Failure   Level
a - Foxfire               Conj/Fire      72%        2x1d7     5%          1
b - Scorch                Fire           56%        2d7       3%          2
c - Volatile Blastmotes   Fire/Tloc      30%        2d12      21%         3

Your spell library contained the following spells:

 Spells                   Type           Power      Damage    Failure   Level
 Inner Flame              Hex/Fire       15%        N/A       21%         3
 Flame Wave               Conj/Fire      18%        2d7       45%         4


Dungeon Overview and Level Annotations

Branches:
Dungeon (2/15)

Altars:

Annotations:
D:2 Robin


Innate Abilities, Weirdness & Mutations

Your spellcasting is much less encumbered by armour.
You can use scrolls of enchantment on lesser artefacts.


Message History

Casting: Foxfire (safe; 5% risk of failure)
Confirm with . or Enter, or press ? or * to list all spells.
Okay, then.
It was a potion of brilliance.
You feel clever all of a sudden. The goblin barely misses you.
The hobgoblin closely misses you. The hobgoblin barely misses you.
Unknown command.
Your foxfire dissipates!
The hobgoblin attacks as it pursues you!
The hobgoblin closely misses you.
Casting: Foxfire (safe; 5% risk of failure)
Confirm with . or Enter, or press ? or * to list all spells.
You feel a surge of power!
Flames lash the hobgoblin.
You kill the hobgoblin!
Robin roars a battlecry!
The goblins go into a battle-frenzy!
The hobgoblin hits you!
* * * LOW HITPOINT WARNING * * *
You hear a shout!
Casting: Scorch (safe; 3% risk of failure)
Confirm with . or Enter, or press ? or * to list all spells.
You feel a surge of power!
Flames lash Robin.
Robin is heavily wounded.
Robin's fire resistance burns away.
Robin hits you with a +0 short sword.
* * * LOW HITPOINT WARNING * * *
The hobgoblin barely misses you.
Casting: Scorch (safe; 3% risk of failure)
Confirm with . or Enter, or press ? or * to list all spells.
You feel a surge of power!
Flames lash the goblin.
You kill the goblin!
Robin barely misses you. The hobgoblin hits you.
* * * LOW HITPOINT WARNING * * *
Unknown command.
Casting: Scorch (safe; 3% risk of failure)
Confirm with . or Enter, or press ? or * to list all spells.
You feel a surge of power!
You miscast Scorch.
You are very lightly contaminated with residual magic.
Nothing appears to happen.
The hobgoblin hits you.
You die...

#.....†.....# ##.........##
##...#..†## ######.#####.##
#.........##..#
#.........###.# #..g.g....#
#.## ##.)#g#######..######
#.)##@# #......<..# ##g###g#
#......†..# ##.†# #g#
#.........#
#...###.#####)........#
......[....#..........#######
...............########
........g.g###. .......g.g.#
#. ........gg.#


You could see Robin (combustible), a hobgoblin (strong) and 2 goblins.

Vanquished Creatures
  Jessica (D:2)
  A dart slug (D:1)
  An endoplasm (D:1)
  A giant cockroach (D:2)
  5 goblins (D:2)
  3 hobgoblins
  A jackal (D:2)
  A kobold (D:1)
  2 ball pythons
  3 bats (D:1)
  2 frilled lizards
  5 rats
26 creatures vanquished.

Vanquished Creatures (others)
  53 foxfires
53 creatures vanquished.

Grand Total: 79 creatures vanquished

Notes
Turn   | Place    | Note
-------+----------+-------------------------------------------
     0 | D:1      | olmar the Mountain Dwarf Fire Elementalist began the quest
                  | for the Orb.
     0 | D:1      | Reached XP level 1. HP: 14/14 MP: 3/3
    80 | D:1      | Reached skill level 4 in Fire Magic
   252 | D:1      | Reached XP level 2. HP: 20/20 MP: 1/4
   422 | D:1      | Reached skill level 1 in Conjurations
   572 | D:2      | Learned a level 2 spell: Scorch
   601 | D:2      | Noticed Jessica
   614 | D:2      | Killed Jessica
   615 | D:2      | Reached XP level 3. HP: 26/26 MP: 0/6
   622 | D:2      | Learned a level 3 spell: Volatile Blastmotes
   853 | D:2      | Noticed Robin
   879 | D:2      | Slain by a hobgoblin

Illustrated notes

Levels and vault maps discovered:
D:1:      minmay_arrival_solitary_statue, layout_rooms
D:2:      layout_rooms, serial_shops, nicolae_book_shop_shelving, uniq_robin,
          uniq_jessica, uniq_natasha

Skill      XL: |  1  2 |
---------------+-------+-----
Fire Magic     | 4 |  4.9
Conjurations   | 1 |  1.2
Spellcasting   | 2 |  2.2
Fighting       | |  0.5
Dodging        | |  1.3
Stealth        | |  1.4
Unarmed Combat | |  0.1

Action                     || total
---------------------------++-------
  Melee: Unarmed           ||     9
         Punch             ||     1
         Dagger            ||     4
   Cast: Foxfire           ||    31
         Scorch            ||     4
    Use: Potion            ||     3
 Armour: Robe              ||    20
  Dodge: Dodged            ||    23

Table legend: (Time is in decaauts)
 A = Elapsed time spent in this place.
 B = Non-inter-level travel time spent in this place.
 C = Inter-level travel time spent in this place.
 D = Time resting spent in this place.
 E = Time spent auto-exploring this place.
 F = Levels seen in this place.
 G = Mean time per level.
                   A        B        C        D        E       F      G
               +--------+--------+--------+--------+--------+-----+--------+
         Total |    877 |    877 |      0 |    204 |    422 |   2 |  438.5 |
       Dungeon |    877 |    877 |      0 |    204 |    422 |   2 |  438.5 |
               +--------+--------+--------+--------+--------+-----+--------+

Top non-repeatable levels by time:
     D:1: 560 daAuts
     D:2: 317 daAuts
